SL
LEXINGTON LEMMINGS @ LAS VEGAS FLAMINGOS
09/28/2020
 
TOP OF THE 1ST
Lexington Lemmings batting - Pitching for Las Vegas Flamingos : RHP Don Thompson
Pitching: RHP Don Thompson
Batting: LHB Charles Mathes 0-0: Swinging Strike
0-1: Ball
1-1: Swinging Strike
1-2: Strikes out looking
Batting: RHB Júlio Morín 0-0: Called Strike
0-1: Foul Ball, location: 2F
0-2: Ball
1-2: Foul Ball, location: 2F
1-2: Fly out, F7 (Flyball, 78M)
Batting: RHB Juan Cabrera 0-0: Ball
1-0: Ball
2-0: Called Strike
2-1: Ground out 5-3 (Groundball, 56S)
Top of the 1st over - 0 run(s), 0 hit(s), 0 error(s), 0 left on base; Lexington 0 - Las Vegas 0
BOTTOM OF THE 1ST
Las Vegas Flamingos batting - Pitching for Lexington Lemmings : RHP Lawrence Bignold
Pitching: RHP Lawrence Bignold
Batting: RHB Travis Newsome 0-0: Called Strike
0-1: Ball
1-1: Called Strike
1-2: Strikes out swinging
Batting: LHB José Meléndez 0-0: Ball
1-0: Called Strike
1-1: Foul Ball, location: 2F
1-2: Foul Ball, location: 2F
1-2: Strikes out swinging
Batting: RHB Bill Taylor 0-0: Ball
1-0: SINGLE (Line Drive, 56)
Batting: RHB Jeff Young 0-0: Ball
1-0: Foul Ball, location: 2F
1-1: Called Strike
1-2: Strikes out swinging
Bottom of the 1st over - 0 run(s), 1 hit(s), 0 error(s), 1 left on base; Lexington 0 - Las Vegas 0
TOP OF THE 2ND
Lexington Lemmings batting - Pitching for Las Vegas Flamingos : RHP Don Thompson
Batting: LHB Félix Pérez 0-0: Swinging Strike
0-1: Ball
1-1: Foul Ball, location: 2F
1-2: Strikes out swinging
Batting: RHB Júlio Gruzmán 0-0: Called Strike
0-1: Swinging Strike
0-2: Ball
1-2: Foul Ball, location: 2F
1-2: Ball
2-2: Foul Ball, location: 2F
2-2: Fly out, F3 (Popup, 3F)
Batting: LHB Jeff Walsh 0-0: Swinging Strike
0-1: Foul Ball, location: 2F
0-2: Strikes out looking
Top of the 2nd over - 0 run(s), 0 hit(s), 0 error(s), 0 left on base; Lexington 0 - Las Vegas 0
BOTTOM OF THE 2ND
Las Vegas Flamingos batting - Pitching for Lexington Lemmings : RHP Lawrence Bignold
Batting: RHB Matt Sheppard 0-0: Ball
1-0: Ball
2-0: Called Strike
2-1: Called Strike
2-2: SINGLE (Line Drive, 34)
Batting: LHB Ron Goodwin 0-0: Ball
1-0: Foul Ball, location: 2F
1-1: Called Strike
1-2: Ball
2-2: SINGLE (Groundball, 34D)
Matt Sheppard to second
Runner from 2nd tries for 3rd, SAFE, throw made to third
Batting: RHB Steven Talley 0-0: Called Strike
0-1: Ball
1-1: Foul Ball, location: 2F
1-2: Fly out, F8 (Flyball, 8RXD)
Runner from 3rd tags up, SCORES, no throw
Batting: RHB Terry Sylvester 0-0: Foul Ball, location: 2F
0-1: Foul Ball, location: 2F
0-2: Foul Ball, location: 2F
0-2: Ball
1-2: Foul Ball, location: 2F
1-2: Ball
2-2: Strikes out swinging
Batting: RHB Don Thompson 0-0: Ball
1-0: Called Strike
1-1: Ball
2-1: Ball
3-1: Base on Balls
Ron Goodwin to second
Batting: RHB Travis Newsome 0-0: Ball
1-0: Called Strike
1-1: Ball
2-1: Ball
3-1: Base on Balls
Ron Goodwin to third
Don Thompson to second
Batting: LHB José Meléndez 0-0: Ball
1-0: Swinging Strike
1-1: Foul Ball, location: 2F
1-2: Strikes out swinging
Bottom of the 2nd over - 1 run(s), 2 hit(s), 0 error(s), 3 left on base; Lexington 0 - Las Vegas 1
TOP OF THE 3RD
Lexington Lemmings batting - Pitching for Las Vegas Flamingos : RHP Don Thompson
Batting: RHB Gustavo Mateo 0-0: Ball
1-0: Called Strike
1-1: Swinging Strike
1-2: Ball
2-2: Strikes out swinging
Batting: SHB José Carlos Nieves 0-0: Called Strike
0-1: SINGLE (Line Drive, 8RS)
Batting: RHB Lawrence Bignold 0-0: Sac Bunt - play at first, batter OUT! 1-4
José Carlos Nieves to second
Batting: LHB Charles Mathes 0-0: Ball
1-0: Ground out 6-3 (Groundball, 6D)
Top of the 3rd over - 0 run(s), 1 hit(s), 0 error(s), 1 left on base; Lexington 0 - Las Vegas 1
BOTTOM OF THE 3RD
Las Vegas Flamingos batting - Pitching for Lexington Lemmings : RHP Lawrence Bignold
Batting: RHB Bill Taylor 0-0: Called Strike
0-1: Ball
1-1: Ground out 6-3 (Groundball, 6)
Batting: RHB Jeff Young 0-0: Ball
1-0: Hit by Pitch
Batting: RHB Matt Sheppard 0-0: Ball
1-0: Called Strike
1-1: Ball
2-1: Called Strike
2-2: Fly out, F4 (Popup, 3)
Batting: LHB Ron Goodwin 0-0: Called Strike
0-1: Ground out 3-1 (Groundball, 34)
Bottom of the 3rd over - 0 run(s), 0 hit(s), 0 error(s), 1 left on base; Lexington 0 - Las Vegas 1
TOP OF THE 4TH
Lexington Lemmings batting - Pitching for Las Vegas Flamingos : RHP Don Thompson
Batting: RHB Júlio Morín 0-0: Ball
1-0: Called Strike
1-1: Ball
2-1: Fly out, F9 (Flyball, 89D)
Batting: RHB Juan Cabrera 0-0: Ground out 6-3 (Groundball, 6)
Batting: LHB Félix Pérez 0-0: Ball
1-0: Ball
2-0: Called Strike
2-1: Ball
3-1: Swinging Strike
3-2: Foul Ball, location: 2F
3-2: Base on Balls
Batting: RHB Júlio Gruzmán 0-0: Ball
1-0: Called Strike
1-1: Ground out 5-3 (Groundball, 5)
Top of the 4th over - 0 run(s), 0 hit(s), 0 error(s), 1 left on base; Lexington 0 - Las Vegas 1
BOTTOM OF THE 4TH
Las Vegas Flamingos batting - Pitching for Lexington Lemmings : RHP Lawrence Bignold
Batting: RHB Steven Talley 0-0: Ball
1-0: Ball
2-0: Ground out 5-3 (Groundball, 5L)
Batting: RHB Terry Sylvester 0-0: Ball
1-0: Ball
2-0: Called Strike
2-1: Foul Ball, location: 2F
2-2: Ball
3-2: Base on Balls
Batting: RHB Don Thompson 0-0: Ball
1-0: Ball
2-0: Bunted foul
2-1: Bunted foul
2-2: Sac Bunt - play at second, runner OUT! 3-6
Batting: RHB Travis Newsome 0-0: Foul Ball, location: 2F
0-1: Ball
1-1: Ball
2-1: Ground out 6-3 (Groundball, 6)
Bottom of the 4th over - 0 run(s), 0 hit(s), 0 error(s), 1 left on base; Lexington 0 - Las Vegas 1
TOP OF THE 5TH
Lexington Lemmings batting - Pitching for Las Vegas Flamingos : RHP Don Thompson
Batting: LHB Jeff Walsh 0-0: Ball
1-0: Swinging Strike
1-1: Ball
2-1: Ball
3-1: Called Strike
3-2: Foul Ball, location: 2F
3-2: Foul Ball, location: 2F
3-2: Foul Ball, location: 2F
3-2: Ground out 4-3 (Groundball, 4M)
Batting: RHB Gustavo Mateo 0-0: Ball
1-0: Fly out, F6 (Line Drive, 56D)
Batting: SHB José Carlos Nieves 0-0: Ball
1-0: Swinging Strike
1-1: Ball
2-1: Ball
3-1: Foul Ball, location: 2F
3-2: Foul Ball, location: 2F
3-2: Base on Balls
Batting: RHB Lawrence Bignold 0-0: Ball
1-0: Ball
2-0: Ball
3-0: Called Strike
3-1: Called Strike
3-2: Foul Ball, location: 2F
3-2: Fly out, F8 (Flyball, 8RM)
Top of the 5th over - 0 run(s), 0 hit(s), 0 error(s), 1 left on base; Lexington 0 - Las Vegas 1
BOTTOM OF THE 5TH
Las Vegas Flamingos batting - Pitching for Lexington Lemmings : RHP Lawrence Bignold
Batting: LHB José Meléndez 0-0: Foul Ball, location: 2F
0-1: Ball
1-1: Ball
2-1: Swinging Strike
2-2: Foul Ball, location: 2F
2-2: Ground out 6-3 (Groundball, 6)
Batting: RHB Bill Taylor 0-0: Ball
1-0: Called Strike
1-1: Foul Ball, location: 2F
1-2: SINGLE (Line Drive, 7S)
Batting: RHB Jeff Young 0-0: Ball
1-0: Fly out, F9 (Flyball, 9M)
Batting: RHB Matt Sheppard 0-0: Fielders Choice at 2nd, 6-4 (Groundball, 6)
Bottom of the 5th over - 0 run(s), 1 hit(s), 0 error(s), 0 left on base; Lexington 0 - Las Vegas 1
TOP OF THE 6TH
Lexington Lemmings batting - Pitching for Las Vegas Flamingos : RHP Don Thompson
Batting: LHB Charles Mathes 0-0: Ball
1-0: Ball
2-0: Ball
3-0: Called Strike
3-1: SINGLE (Line Drive, 34)
Batting: RHB Júlio Morín 0-0: Ball
1-0: Bunted foul
1-1: Bunted foul
1-2: SINGLE (Groundball, 56)
Charles Mathes to second
Batting: RHB Juan Cabrera 0-0: Fly out, F7 (Line Drive, 78D)
Batting: LHB Félix Pérez 0-0: Fly out, F8 (Line Drive, 8RM)
Batting: RHB Júlio Gruzmán 0-0: Called Strike
0-1: DOUBLE (Flyball, 89XD)
Charles Mathes scores
Júlio Morín to third
Batting: LHB Jeff Walsh 0-0: Swinging Strike
0-1: Ground out 6-3 (Groundball, 6M)
Top of the 6th over - 1 run(s), 3 hit(s), 0 error(s), 2 left on base; Lexington 1 - Las Vegas 1
BOTTOM OF THE 6TH
Las Vegas Flamingos batting - Pitching for Lexington Lemmings : RHP Lawrence Bignold
Batting: LHB Ron Goodwin 0-0: Ground out 4-3 (Groundball, 4)
Batting: RHB Steven Talley 0-0: Ball
1-0: SINGLE (Groundball, 5D)
Batting: RHB Terry Sylvester 0-0: Called Strike
0-1: Ball
1-1: Called Strike
1-2: Strikes out swinging
Batting: RHB Don Thompson 0-0: Ball
1-0: Called Strike
1-1: Foul Ball, location: 2F
1-2: Foul Ball, location: 2F
1-2: Ball
2-2: Ball
3-2: Foul Ball, location: 2F
3-2: Ground out 6-3 (Groundball, 6)
Bottom of the 6th over - 0 run(s), 1 hit(s), 0 error(s), 1 left on base; Lexington 1 - Las Vegas 1
TOP OF THE 7TH
Lexington Lemmings batting - Pitching for Las Vegas Flamingos : RHP Don Thompson
Pinch Hitting: RHB Yoshiyuki Sasaki 0-0: Ball
1-0: Called Strike
1-1: Foul Ball, location: 2F
1-2: Ball
2-2: Foul Ball, location: 2F
2-2: Fly out, F9 (Flyball, 89XD)
Batting: SHB José Carlos Nieves 0-0: Swinging Strike
0-1: Foul Ball, location: 2F
0-2: Ball
1-2: Ball
2-2: SINGLE (Groundball, 4MD)
Pinch Hitting: LHB Brad Elmore 0-0: Called Strike
0-1: Ball
1-1: Swinging Strike
1-2: Fielders Choice at 2nd, 4-6 (Groundball, 4)
Batting: LHB Charles Mathes 0-0: Ground out 6-3 (Groundball, 6)
Top of the 7th over - 0 run(s), 1 hit(s), 0 error(s), 1 left on base; Lexington 1 - Las Vegas 1
BOTTOM OF THE 7TH
Las Vegas Flamingos batting - Pitching for Lexington Lemmings : RHP Lawrence Bignold
Pitching: RHP Melvin González
Now at 3B: Reece White
Batting: RHB Travis Newsome 0-0: SINGLE (Line Drive, 8LS)
Batting: LHB José Meléndez 0-0: Ball
Travis Newsome is caught stealing 2nd base
1-0: Ball
2-0: Ball
3-0: Called Strike
3-1: Called Strike
3-2: Foul Ball, location: 2F
3-2: Base on Balls
Batting: RHB Bill Taylor 0-0: Called Strike
0-1: Called Strike
0-2: Ball
1-2: SINGLE (Groundball, 56)
José Meléndez to second
Batting: RHB Jeff Young 0-0: Foul Ball, location: 2F
0-1: Ball
1-1: Swinging Strike
1-2: Ball
2-2: Ball
3-2: SINGLE (Groundball, 15) (infield hit)
José Meléndez to third
Bill Taylor to second
Batting: RHB Matt Sheppard 0-0: Ball
1-0: Ball
2-0: Ball
3-0: Called Strike
3-1: SINGLE (Groundball, 56)
José Meléndez scores
Bill Taylor to third
Jeff Young to second
Runner from 3rd tries for Home, SAFE, no throw or cutoff
Batting: LHB Ron Goodwin 0-0: Ball
1-0: Fly out, F8 (Flyball, 8LXD)
Runner from 2nd tags up, SAFE at 3rd, no throw
Batting: RHB Steven Talley 0-0: Ball
1-0: Called Strike
1-1: Fly out, F8 (Flyball, 8LD)
Bottom of the 7th over - 2 run(s), 4 hit(s), 0 error(s), 2 left on base; Lexington 1 - Las Vegas 3
TOP OF THE 8TH
Lexington Lemmings batting - Pitching for Las Vegas Flamingos : RHP Don Thompson
Now at 1B: Kyle Dempsey
Batting: RHB Júlio Morín 0-0: Called Strike
0-1: Foul Ball, location: 2F
0-2: Foul Ball, location: 2F
0-2: Strikes out swinging
Batting: RHB Juan Cabrera 0-0: Ball
1-0: Swinging Strike
1-1: Called Strike
1-2: SINGLE (Groundball, 56)
Pitching: RHP Erik Davis
Now at 1B: Floyd Mitchell
Batting: LHB Félix Pérez 0-0: Ball
Wild Pitch!
Juan Cabrera to second
1-0: Called Strike
1-1: Fly out, F7 (Flyball, 7LM)
Pitching: RHP Jeff Pearson
Batting: RHB Júlio Gruzmán 0-0: Foul Ball, location: 2F
0-1: Called Strike
0-2: Ball
1-2: Ball
2-2: Strikes out looking
Top of the 8th over - 0 run(s), 1 hit(s), 0 error(s), 1 left on base; Lexington 1 - Las Vegas 3
BOTTOM OF THE 8TH
Las Vegas Flamingos batting - Pitching for Lexington Lemmings : RHP Melvin González
Batting: RHB Terry Sylvester 0-0: Called Strike
0-1: Ground out 6-3 (Groundball, 6M)
Batting: RHB Floyd Mitchell 0-0: Ball
1-0: Foul Ball, location: 2F
1-1: Foul Ball, location: 2F
1-2: Fly out, F7 (Flyball, 78D)
Batting: RHB Travis Newsome 0-0: Fly out, F8 (Flyball, 8RS)
Bottom of the 8th over - 0 run(s), 0 hit(s), 0 error(s), 0 left on base; Lexington 1 - Las Vegas 3
TOP OF THE 9TH
Lexington Lemmings batting - Pitching for Las Vegas Flamingos : RHP Jeff Pearson
Pitching: RHP Augusto Dávila
Now at 2B: Manny Freitas
Batting: LHB Jeff Walsh 0-0: Ball
1-0: Foul Ball, location: 2F
1-1: Ground out 1-3 (Groundball, 13)
Batting: RHB Reece White 0-0: Ball
1-0: Ground out 6-3 (Groundball, 6M)
Batting: SHB José Carlos Nieves 0-0: Swinging Strike
0-1: SINGLE (Groundball, 3D)
Pinch Hitting: RHB Cory Staton 0-0: Ball
1-0: Fly out, F7 (Line Drive, 78D)
Top of the 9th over - 0 run(s), 1 hit(s), 0 error(s), 1 left on base; Lexington 1 - Las Vegas 3
This league is powered by Out of the Park Baseball, the baseball management simulation game for PC, Mac and Linux
Friday, October 23rd, 2015 - OOTP Baseball 16.9 Build 39